 Dungeon Crawl Stone Soup version 0.23-a0-295-g2e428d4 (webtiles) character file.

53 tsouns the Shooter (level 3, 0/24 HPs)
             Began as an Octopode Hunter on Oct 4, 2018.
             Slain by a gnoll
             ... wielding a +0 spear
              (9 damage)
             ... on level 2 of the Dungeon.
             The game lasted 00:04:31 (1432 turns).

tsouns the Shooter (Octopode Hunter)                Turns: 1432, Time: 00:04:32

Health: 0/24       AC:  1    Str: 11    XL:     3   Next: 87%
Magic:  3/3        EV: 13    Int: 14    God:
Gold:   33         SH:  0    Dex: 12    Spells: 2/2 levels left

rFire    . . .     SeeInvis .   m - -3 hand axe (curse)
rCold    . . .     Gourm    .   (no shield)
rNeg     . . .     Faith    .   (helmet restricted)
rPois    .         Spirit   .   (no amulet)
rElec    .         Reflect  .   (no ring)
rCorr    .         Harm     .   (no ring)
MR       .....                  (no ring)
Stlth    +++.......             (no ring)
HPRegen  0.08/turn              (no ring)
MPRegen  0.08/turn              (no ring)
                                (no ring)
                                (no ring)

@: no status effects
A: almost no armour, stealthy swim, amphibious, 8 rings, constrict 8, camouflage
1, gelatinous body 1
a: no special abilities


You were on level 2 of the Dungeon.
You were hungry.

You visited 1 branch of the dungeon, and saw 3 of its levels.

You collected 33 gold pieces.

Inventory:

Hand Weapons
 a - a +1 shortbow
 b - a +0 short sword
 j - a +2 whip of pain
 m - a cursed -3 hand axe (weapon)
Missiles
 c - 29 arrows
 f - 113 stones (quivered)
 g - 18 sling bullets
Scrolls
 h - a scroll of random uselessness {unknown}
Potions
 e - 4 potions of curing
Comestibles
 d - 2 rations


   Skills:
 - Level 2.0 Fighting
 + Level 4.7 Bows
 - Level 2.0 Dodging
 + Level 3.7 Stealth


You had 2 spell levels left.
You didn't know any spells.
Your spell library was empty.

Dungeon Overview and Level Annotations

Branches:
Dungeon (3/15)

Altars:


Innate Abilities, Weirdness & Mutations

You cannot wear most types of armour.
You are very stealthy in the water. (Stealth+)
You are amphibious.
You can wear up to eight rings at the same time.
You can use your tentacles to constrict eight enemies at once.
Your skin changes colour to match your surroundings (Stealth+).
Your rubbery body absorbs attacks. (AC +1, EV +1)


Message History

The orc shouts!
You hear a shout!
An adder comes into view.
An orc priest comes into view. It is wielding a flail.
The orc closely misses you.
The goblin moves out of view.
You see here a scroll labeled TUADGH ZUTA.
h - a scroll labeled TUADGH ZUTA The orc hits you with a dagger.
An orc comes into view. It is wielding a dagger.
The orc hits you with a hand axe.
* * * LOW HITPOINT WARNING * * *
You are feeling hungry.
The orc closely misses you. The orc hits you but does no damage.
A kobold comes into view. It is wielding a whip.
All of the chunks of flesh in your inventory have rotted away.
There is a stone staircase leading up here.
The kobold shouts!
The orc barely misses you.
You climb upwards.
The gnoll barely misses you.
The gnoll hits you from afar with a spear!
You die...

#..<.................,...,
#...........#......####.#.
##..##..#.#.#...........#.
#.>####.....#.......###...
##..#####.#.)......###..#.
#............รท...........
##.###...................
#.......og..........)...
##.....@##....).[.......
#...########.g..........
*****#####..##
###..........
*,,,,........# ##.........
*,,,,..gg....# ##........
*,,,,,,,,,,#.#
###.........
*,,,,,,,,,,#.#
##...###...##
*,,,,,,,,,,#.# #..###
##.... *,,,,,,,,,,#.#
#.#######....


You could see a gnoll and an orc.

Vanquished Creatures
  An ooze (D:2)
  A worm (D:2)
  2 dart slugs (D:1)
  A leopard gecko (D:1)
  3 giant cockroaches
  3 goblins
  3 hobgoblins
  7 jackals (D:1)
  6 bats
  3 frilled lizards
  5 kobolds
  2 rats (D:1)
37 creatures vanquished.

Notes
Turn   | Place    | Note
-------+----------+-------------------------------------------
     0 | D:1      | tsouns the Octopode Hunter began the quest for the Orb.
     0 | D:1      | Reached XP level 1. HP: 14/14 MP: 1/1
   232 | D:1      | Reached XP level 2. HP: 9/19 MP: 2/2
   525 | D:1      | Reached XP level 3. HP: 17/24 MP: 3/3
  1432 | D:2      | Slain by a gnoll

Vault maps used:
D:1:      minmay_arrival_jagged, serial_park_tiny_2
D:2:      makhleb_heckhound_becter
D:3:      minmay_diamond_boxcup, nrook_uturn

Skill      XL: |  1  2 |
---------------+-------+-----
Stealth        | 2 3 |  3.7
Fighting       | |  2.0
Bows           | |  4.7
Dodging        | |  2.0

Action                   || total
-------------------------++-------
Melee: Whip              ||    45
       Tentacles         ||     8
       Constrict         ||    12
       Hand axe          ||     3
 Fire: Shortbow          ||    44
  Use: Scroll            ||     3
 Stab: Sleeping          ||     5
  Eat: Chunk             ||     1
Armor: Skin              ||     9
Dodge: Dodged            ||    37

Table legend:
 A = Non-vault XP
 B = Vault XP
 C = Vault XP percentage of total XP
 D = Non-vault monster count
 E = Vault monster count
 F = Vault count percentage of total count
                 A         B        C        D         E       F
            +---------+---------+-------+---------+---------+-------
      Total |      76 |       0 |   0.0 |      37 |       0 |   0.0
            +---------+---------+-------+---------+---------+-------
        D:1 |      46 |       0 |   0.0 |      24 |       0 |   0.0
        D:2 |      29 |       0 |   0.0 |      12 |       0 |   0.0
        D:3 |       1 |       0 |   0.0 |       1 |       0 |   0.0
            +---------+---------+-------+---------+---------+-------
